 Dungeon Crawl Stone Soup version 0.25-a0-1024-gbfbf38f2cb (webtiles) character file.

Game seed: 16072275760791826084, levelgen mode: classic

64 Amnesiac the Twirler (level 3, -1/20 HPs)
             Began as a Deep Elf Gladiator on May 12, 2020.
             Slain by an adder (5 damage)
             ... on level 3 of the Dungeon.
             The game lasted 00:02:46 (2156 turns).

Amnesiac the Twirler (Deep Elf Gladiator)           Turns: 2156, Time: 00:02:46

Health: -1/20      AC:  4    Str: 12    XL:     3   Next: 91%
Magic:  5/5        EV: 13    Int: 12    God:
Gold:   135        SH:  0    Dex: 16    Spells: 2/2 levels left

rFire    . . .     SeeInvis .   a - +0 quarterstaff
rCold    . . .     Gourm    .   (shield currently unavailable)
rNeg     . . .     Faith    .   b - +0 leather armour
rPois    .         Spirit   .   c - +0 helmet
rElec    .         Reflect  .   (no cloak)
rCorr    .         Harm     .   (no gloves)
MR       .....                  (no boots)
Stlth    +.........             (no amulet)
HPRegen  0.06/turn              (no ring)
MPRegen  0.09/turn              (no ring)

@: lethally poisoned (-1 -> -9)
A: no striking features
a: no special abilities


You were on level 3 of the Dungeon.
You were not hungry.

You visited 1 branch of the dungeon, and saw 3 of its levels.

You collected 135 gold pieces.

Inventory:

Hand Weapons
 a - a +0 quarterstaff (weapon)
Missiles
 d - 2 throwing nets {!F}
 e - 57 stones (quivered)
 m - 13 arrows
Armour
 b - a +0 leather armour (worn)
 c - a +0 helmet (worn)
Scrolls
 g - a scroll of teleportation {!r, unknown}
 h - a scroll of fear {!r, unknown}
 j - 2 scrolls of identify {!r, unknown}
 n - 2 scrolls of enchant weapon {!r, unknown}
 q - a scroll of remove curse {!r, unknown}
 r - a scroll of enchant armour {!r, unknown}
 u - a scroll of immolation {!r, unknown}
 v - a scroll of amnesia {!r, unknown}
 w - a scroll of noise {!r, unknown}
Potions
 i - 2 potions of flight {!q, unknown}
 k - a potion of curing {!q, unknown}
 l - a potion of cancellation {!q, unknown}
 o - a potion of stabbing {!q, unknown}
 p - 2 potions of degeneration {!q, unknown}
 t - a potion of lignification {!q, unknown}
Comestibles
 f - 5 rations
 s - a chunk of flesh


   Skills:
 - Level 1.5 Fighting
 * Level 4.3 Staves
 - Level 2.0 Throwing
 + Level 1.4 Armour
 - Level 3.6 Dodging


You had 2 spell levels left.
You didn't know any spells.
Your spell library was empty.

Dungeon Overview and Level Annotations

Branches:
Dungeon (3/15)

Altars:
Cheibriados
Hepliaklqana
Nemelex Xobeh
The Shining One


Message History

The adder closely misses you. The adder misses you.
You miss the adder.
The adder is moderately wounded.
The adder bites you.
You are poisoned.
The adder poisons you!
You closely miss the adder.
The adder is moderately wounded.
You feel sick. The adder closely misses you. The adder bites you.
You hit the adder.
The adder is severely wounded.
The adder misses you.
You barely miss the adder.
The adder is severely wounded.
The adder barely misses you. x2
You completely miss the adder.
The adder is severely wounded.
You feel sick.
A goblin comes into view.
The adder completely misses you.
The goblin shouts!
You hit the adder.
The adder is almost dead.
The adder bites you.
You barely miss the adder.
The adder is almost dead.
The adder bites you.
* * * LOW HITPOINT WARNING * * *
You are more poisoned.
The adder poisons you! The adder bites you but does no damage.
You hit the adder but do no damage.
The adder is almost dead.
You feel sick. The adder bites you but does no damage.
You miss the adder.
The adder is almost dead.
The adder misses you. x2
You closely miss the adder.
The adder is almost dead.
You feel sick. The goblin closely misses you. The adder completely misses you.
You feel sick. The adder barely misses you.
You see here a quokka skeleton.
You hit the goblin.
You kill the goblin!
You feel sick. The adder bites you.
* * * LOW HITPOINT WARNING * * *
You are lethally poisoned!
The adder poisons you!
You closely miss the adder.
The adder is almost dead.
The adder barely misses you.
You miss the adder.
The adder is severely wounded.
* * * LOW HITPOINT WARNING * * *
You feel sick. The adder closely misses you.
You are too injured to fight recklessly!
You are too injured to fight recklessly!
You are too injured to fight recklessly!
You are too injured to fight recklessly!
You are too injured to fight recklessly!
You hit the adder.
The adder is almost dead.
* * * LOW HITPOINT WARNING * * *
You feel sick. The adder misses you. The adder bites you.
You die...

#. # ##.( (##
##...### #(.
......#...
####.##.#(#
..........#
.######.##).#
........@S..#
######.##.##
####<##.#
#....##.#
#.#..##.# ..
#...#.# ...
###.#.# ##
#...#.#####
#.........#


You could see an adder.

Vanquished Creatures
  2 oozes
  A worm (D:2)
  2 dart slugs (D:1)
  2 leopard geckos
  7 bats
  2 giant cockroaches
  5 goblins
  5 hobgoblins
  3 jackals (D:1)
  5 kobolds
  A quokka (D:3)
  2 frilled lizards (D:1)
  7 rats
44 creatures vanquished.

Notes
Turn   | Place    | Note
-------+----------+-------------------------------------------
     0 | D:1      | Amnesiac the Deep Elf Gladiator began the quest for the
                  | Orb.
     0 | D:1      | Reached XP level 1. HP: 12/12 MP: 3/3
   503 | D:1      | Reached XP level 2. HP: 14/16 MP: 4/4
   737 | D:1      | Reached skill level 1 in Armour
   852 | D:1      | Reached XP level 3. HP: 15/20 MP: 5/5
  1307 | D:2      | Reached skill level 4 in Staves
  1861 | D:2      | Found a hazy altar of Hepliaklqana.
  2030 | D:2      | Found a glowing golden altar of the Shining One.
  2032 | D:2      | Found a sparkling altar of Nemelex Xobeh.
  2058 | D:2      | Found a snail-covered altar of Cheibriados.
  2156 | D:3      | Slain by an adder

Illustrated notes

Levels and vault maps discovered:
D:1:      dpeg_arrival_prison, layout_basic
D:2:      layout_loops_cross, nicolae_overflow_hidden_temple, serial_glass,
          glass_columns_a, glass_columns_b, kennysheep_flooded_box, st_stairs_12
D:3:      layout_loops_ring

Skill      XL: |  1  2  3 |
---------------+----------+-----
Armour         | 1 |  1.4
Staves         | 4 |  4.3
Fighting       | |  1.5
Throwing       | |  2.0
Dodging        | |  3.6

Action                   || total
-------------------------++-------
Melee: Quarterstaff      ||   138
Throw: Throwing net      ||     4
       Stone             ||    92
 Stab: Sleeping          ||     1
  Eat: Chunk             ||     4
Armor: Leather armour    ||    30
Dodge: Dodged            ||   101

Table legend:
 A = Non-vault XP
 B = Vault XP
 C = Vault XP percentage of total XP
 D = Non-vault monster count
 E = Vault monster count
 F = Vault count percentage of total count
                 A         B        C        D         E       F
            +---------+---------+-------+---------+---------+-------
      Total |      85 |       7 |   7.6 |      40 |       4 |   9.1
            +---------+---------+-------+---------+---------+-------
        D:1 |      45 |       3 |   6.2 |      25 |       2 |   7.4
        D:2 |      27 |       4 |  12.9 |      11 |       2 |  15.4
        D:3 |      13 |       0 |   0.0 |       4 |       0 |   0.0
            +---------+---------+-------+---------+---------+-------
